 Dungeon Crawl Stone Soup version 0.31-a0-655-gf2d5465dac (webtiles) character file.

Game seed: 7170392562440625562

1211 MacCMillion the Cleaver (level 8, -7/63 HPs)
             Began as a Ghoul Fighter on Aug 30, 2023.
             Was a Follower of Qazlal.
             Mangled by a gnoll sergeant
             ... wielding a +2 heavy spear
              (15 damage)
             ... on level 7 of the Dungeon.
             The game lasted 00:08:16 (5129 turns).

MacCMillion the Cleaver (Ghoul Fighter)             Turns: 5129, Time: 00:08:17

Health: -7/63      AC: 10    Str: 22    XL:     8   Next: 46%
Magic:  7/7        EV:  8    Int:  3    God:    Qazlal [*.....]
Gold:   266        SH:  5    Dex:  8    Spells: 7/7 levels left

rFire   + . .        a - +0 war axe
rCold   + . .        c - +0 buckler
rNeg    + + +        x - +0 chain mail
rPois   ∞            e - +0 helmet
rElec   .            (no cloak)
rCorr   .            (no gloves)
SInv    .            (no boots)
Will    .....        u - amulet of the acrobat Stlth
                     r - ring of protection from fire
HPRegen 0.00/turn    (no ring)
MPRegen 0.10/turn

%: acrobat
@: inhibited regen
A: claws 1, cold resistance 1, negative energy resistance 3, inhibited
regeneration, torment resistance 2, devour on kill
a: Renounce Religion


You were on level 7 of the Dungeon.
You worshipped Qazlal.
Qazlal was aware of your devotion.
You visited 1 branch of the dungeon, and saw 7 of its levels.

You collected 266 gold pieces.

Inventory:

Hand Weapons
 a - a +0 war axe (weapon)
Missiles
 l - 5 poisoned darts
 n - 5 boomerangs
 E - 3 curare-tipped darts
Armour
 b - a +0 scale mail
 c - a +0 buckler (worn)
 d - the +0 pair of boots of Objectivity {rElec Str-2 SInv}
   (You found it on level 4 of the Dungeon)

   Str-2:     It affects your strength (-2).
   rElec:     It insulates you from electricity.
   SInv:      It lets you see invisible.
 e - a +0 helmet (worn)
 x - a +0 chain mail (worn)
Jewellery
 r - a ring of protection from fire (left claw)
 u - an amulet of the acrobat (around neck)
 z - a ring of resist corrosion
 C - a ring of protection from fire
Wands
 o - a wand of iceblast (4)
 D - a wand of charming (9)
Scrolls
 g - a scroll of fog {unknown}
 h - a scroll of identify {unknown}
 i - 2 scrolls of revelation {unknown}
 k - 2 scrolls of teleportation {unknown}
 m - a scroll of enchant armour {unknown}
 q - 3 scrolls of blinking {unknown}
 s - a scroll of poison {unknown}
 w - a scroll of brand weapon {unknown}
 y - a scroll of acquirement {unknown}
 B - a scroll of amnesia {unknown}
Potions
 f - 2 potions of enlightenment {unknown}
 j - a potion of heal wounds {unknown}
 p - a potion of berserk rage {unknown}
 t - 2 potions of curing {unknown}
 v - a potion of attraction {unknown}
 A - a potion of resistance {unknown}


   Skills:
 - Level 3.2 Fighting
 + Level 8.8 Axes
 - Level 2.6 Armour
 - Level 4.0 Shields


You had 7 spell levels left.
You didn't know any spells.
Your spell library contained the following spells:

 Spells                   Type           Power      Damage    Failure   Level
 Cause Fear               Hex            0%         N/A       100%        4
 Leda's Liquefaction      Hex/Erth       0%         N/A       100%        4
 Fireball                 Conj/Fire      0%         3d3       100%        5
 Lee's Rapid Deconstruct  Erth           0%         3d4*      100%        5
 Leda's Unmaking          Conj/Erth      0%         9d1       100%        6
 Dragon's Call            Summ           0%         N/A       100%        9


Dungeon Overview and Level Annotations

Branches:
Dungeon (7/15)
 Temple: D:4-7

Altars:
Cheibriados
Hepliaklqana
Okawaru
Qazlal
Vehumet

Annotations:
D:3 Sigmund


Innate Abilities, Weirdness & Mutations

You are immune to poison.
You have sharp fingernails.
Your flesh is cold resistant. (rC+)
You are immune to negative energy. (rN+++)
You do not regenerate when monsters are visible.
You are immune to unholy pain and torment.
You thrive by killing the living.


Message History

The gnoll sergeant barely misses you. The gnoll misses you.
You slash the gnoll!
The gnoll is almost dead.
The gnoll hits you with a +0 flail.
You barely miss the gnoll.
The gnoll is almost dead.
The gnoll barely misses you.
Things that are here:
a +0 whip; a gnoll corpse You slash the white ugly thing!
The white ugly thing is moderately wounded.
The white ugly thing pecks you! The white ugly thing freezes you! You resist.
You hit the white ugly thing but do no damage.
The white ugly thing is moderately wounded.
The white ugly thing pecks you but does no damage.
You hit the white ugly thing.
The white ugly thing is moderately wounded.
The white ugly thing pecks you but does no damage.
You slash the white ugly thing!
The white ugly thing is heavily wounded.
The white ugly thing pecks you! The white ugly thing freezes you! You resist.
A gnoll comes into view. It is wielding a +0 flail.
You closely miss the white ugly thing.
The white ugly thing is heavily wounded.
The gnoll shouts!
You block the gnoll sergeant's attack.
The white ugly thing pecks you but does no damage.
You slash the white ugly thing!
The white ugly thing is severely wounded.
The white ugly thing pecks you but does no damage.
The gnoll sergeant hits you from afar with a +2 heavy spear!
* * * LOW HITPOINT WARNING * * *
You slash the white ugly thing!
The white ugly thing is severely wounded.
The white ugly thing misses you.
You barely miss the white ugly thing.
The white ugly thing is severely wounded.
The gnoll sergeant hits you from afar with a +2 heavy spear!
You die...

#.# #.#.#......
#.# #.#.#......
#.# #.#.#......
#.# #.#...#+###
#.# .##### #.# #.#
#.# #@# . #u#
.#..# #g# .#.$#
#g# .#... #g#
##..... #)#
#.....# #.#
#######...... #.#
#...........#
#.####.#####.#....


You could see a white ugly thing, a gnoll sergeant and 2 gnolls.

Vanquished Creatures
  2 water moccasins
  An orc warrior (D:5)
  2 ogres
  A phantom (D:5)
  A scorpion (D:6)
  A jelly (D:4)
  A hound (D:6)
  An orc priest (D:6)
  Jessica (D:3)
  Ijyb (D:3)
  5 iguanas
  A sleepcap (D:5)
  7 orc wizards
  A gnoll (D:7)
  3 adders (D:3)
  2 white imps (D:6)
  A worm (D:5)
  17 orcs
  3 bats (D:2)
  5 endoplasms
  4 giant cockroaches
  8 goblins
  7 hobgoblins
  8 jackals
  5 quokkas
  2 ball pythons
  5 kobolds
  2 rats
98 creatures vanquished.

Notes
Turn   | Place    | Note
-------+----------+-------------------------------------------
     0 | D:1      | MacCMillion the Ghoul Fighter began the quest for the Orb.
     0 | D:1      | Reached XP level 1. HP: 19/19 MP: 0/0
   144 | D:1      | Reached skill level 2 in Axes
   244 | D:1      | Reached XP level 2. HP: 26/26 MP: 1/1
   938 | D:2      | Found a faded altar of an unknown god.
  1418 | D:2      | Reached XP level 3. HP: 19/31 MP: 2/2
  1496 | D:2      | Found a stormy altar of Qazlal.
  1632 | D:3      | Noticed Ijyb
  1639 | D:3      | Killed Ijyb
  1651 | D:3      | Reached skill level 3 in Axes
  1651 | D:3      | Reached XP level 4. HP: 29/38 MP: 3/3
  1710 | D:3      | Noticed Jessica
  1735 | D:3      | Killed Jessica
  1804 | D:3      | Found a snail-covered altar of Cheibriados.
  1860 | D:2      | Became a worshipper of Qazlal Stormbringer
  1918 | D:3      | Noticed Sigmund
  1932 | D:3      | Reached XP level 5. HP: 23/45 MP: 4/4
  2223 | D:4      | Reached skill level 4 in Axes
  2260 | D:4      | Noticed a water moccasin
  2270 | D:4      | Killed a water moccasin
  2271 | D:4      | Reached skill level 5 in Axes
  2271 | D:4      | Reached XP level 6. HP: 45/51 MP: 5/5
  2276 | D:4      | Identified the +0 pair of boots of Objectivity {rElec Str-2
                  | SInv}
  2972 | D:4      | Found a radiant altar of Vehumet.
  2983 | D:4      | Reached skill level 6 in Axes
  2983 | D:4      | Reached XP level 7. HP: 34/57 MP: 6/6
  3118 | D:5      | Entered Level 5 of the Dungeon
  3384 | D:5      | Found a hazy altar of Hepliaklqana.
  3617 | D:5      | Reached skill level 7 in Axes
  3942 | D:6      | Reached * piety under Qazlal
  3962 | D:5      | Reached XP level 8. HP: 16/63 MP: 7/7
  4368 | D:6      | Reached skill level 8 in Axes
  4465 | D:6      | Found an iron altar of Okawaru.
  5100 | D:7      | Noticed a white ugly thing
  5129 | D:7      | Mangled by a gnoll sergeant

Illustrated notes

Levels and vault maps discovered:
D:1:      minmay_arrival_checkered_box, layout_loops_ring, lemuel_flame_loot_1
D:2:      layout_basic, nicolae_ecumenical_oubliette, basic_altar
D:3:      layout_rooms, lemuel_doored_altar, uniq_sigmund, uniq_jessica,
          uniq_ijyb
D:4:      layout_loops_ring, lemuel_coloured_pillars_altar
D:5:      layout_loops_cross, kennysheep_mini
D:6:      layout_loops_ring, okawaru_altar_gauntlet_db,
          nicolae_figureground_pulse
D:7:      layout_basic, mainiacjoe_overflow_brackets, temple_pool_b,
          hellmonk_ghost_happy_afterlife, kennysheep_generic_room_9

Skill      XL: |  1  2  3  4  5  6  7  8 |
---------------+-------------------------+-----
Axes           | 2 3 5 6 7 8 |  8.8
Shields        | 3 4 |  4.0
Fighting       | |  3.2
Armour         | |  2.6

Action                     |  1- 3 |  4- 6 |  7- 9 || total
---------------------------+-------+-------+-------++-------
  Melee: War axe           |    94 |   101 |   157 ||   352
  Throw: Dart              |       |     3 |     2 ||     5
    Use: Potion            |       |     1 |       ||     1
 Armour: Scale mail        |    61 |    41 |     5 ||   107
         Chain mail        |       |       |    36 ||    36
  Dodge: Dodged            |    61 |    45 |    64 ||   170
  Block: Buckler           |    24 |    16 |    33 ||    73

Table legend: (Time is in decaauts)
 A = Elapsed time spent in this place.
 B = Non-inter-level travel time spent in this place.
 C = Inter-level travel time spent in this place.
 D = Time resting spent in this place.
 E = Time spent auto-exploring this place.
 F = Levels seen in this place.
 G = Mean time per level.
                   A        B        C        D        E       F      G
               +--------+--------+--------+--------+--------+-----+--------+
         Total |   5225 |   4967 |    258 |    513 |   3415 |   7 |  746.4 |
       Dungeon |   5225 |   4967 |    258 |    513 |   3415 |   7 |  746.4 |
               +--------+--------+--------+--------+--------+-----+--------+

Top non-repeatable levels by time:
     D:5: 1107 daAuts
     D:1: 962 daAuts
     D:4: 919 daAuts
     D:2: 792 daAuts
     D:6: 776 daAuts
     D:3: 516 daAuts
     D:7: 152 daAuts
